| TOP OF THE 1ST |
|
San Jose Giants batting - Pitching for Reading Fightin Phils : RHP Dale Turner
|
|
Pitching: RHP Dale Turner
|
|
|
Batting: RHB Laroya Foronda
|
0-0: Called Strike 0-1: Swinging Strike 0-2: Ball 1-2: Strikes out swinging
|
|
Batting: LHB Ryan Braden
|
0-0: Ball 1-0: Ball 2-0: Foul Ball, location: 2F 2-1: Called Strike 2-2: Foul Ball, location: 2F 2-2: Ball 3-2: Ground out 4-3 (Groundball, 4, EV 102.5 MPH)
|
|
Batting: LHB Mike Roberts
|
0-0: Foul Ball, location: 2F 0-1: Ball 1-1: Fly out, F5 (Popup, 5F, EV 58.8 MPH)
|
| Top of the 1st over - 0 runs, 0 hits, 0 errors, 0 left on base; San Jose 0 - Reading 0 |
| BOTTOM OF THE 1ST |
|
Reading Fightin Phils batting - Pitching for San Jose Giants : LHP Patrick Meesters
|
|
Pitching: LHP Patrick Meesters
|
|
|
Batting: RHB Alberto Ramirez
|
0-0: Called Strike 0-1: SINGLE (Groundball, 6M, EV 82.5 MPH) (infield hit)
|
|
Batting: RHB Chris Myers
|
0-0: Ball Alberto Ramirez steals 2nd, throwing error, E2 Alberto Ramirez to third 1-0: Fly out, F8 (Flyball, 8LM, EV 84.4 MPH) Runner from 3rd tags up, SCORES, throw by CF
|
|
Batting: RHB Guan-pei Gao
|
0-0: Ball 1-0: Ground out 5-3 (Groundball, 56, EV 85.0 MPH)
|
|
Batting: RHB Victor Arroyo
|
0-0: Called Strike 0-1: Ball 1-1: Ball 2-1: SOLO HOME RUN (Flyball, 78XD, EV 99.4 MPH), Distance : 404 ft
|
|
Batting: RHB Greg Herzig
|
0-0: Called Strike 0-1: Ground out 4-3 (Groundball, 4, EV 102.5 MPH)
|
| Bottom of the 1st over - 2 runs, 2 hits, 1 error, 0 left on base; San Jose 0 - Reading 2 |
| TOP OF THE 2ND |
|
San Jose Giants batting - Pitching for Reading Fightin Phils : RHP Dale Turner
|
|
Batting: RHB Billy Pranger
|
0-0: Called Strike 0-1: Ground out 6-3 (Groundball, 6, EV 106.2 MPH)
|
|
Batting: SHB Mitchell Greene
|
0-0: Swinging Strike 0-1: Called Strike 0-2: Ground out 1-3 (Groundball, P, EV 65.6 MPH)
|
|
Batting: RHB Guillermo Mojica
|
0-0: Ball 1-0: Ball 2-0: Swinging Strike 2-1: Swinging Strike 2-2: Ball 3-2: Base on Balls
|
|
Batting: RHB Azedine Kirui
|
0-0: Ball Guillermo Mojica steals 2nd base (no throw) 1-0: Ball 2-0: Foul Ball, location: 2F 2-1: SINGLE (Groundball, 6MD, EV 95.0 MPH) Guillermo Mojica to third Runner from 3rd tries for Home, throw by CF and OUT! 8-2
|
| Top of the 2nd over - 0 runs, 1 hit, 0 errors, 1 left on base; San Jose 0 - Reading 2 |
| BOTTOM OF THE 2ND |
|
Reading Fightin Phils batting - Pitching for San Jose Giants : LHP Patrick Meesters
|
|
Batting: RHB David Clough
|
0-0: Foul Ball, location: 2F 0-1: Foul Ball, location: 2F 0-2: Ball 1-2: Ball 2-2: Foul Ball, location: 2F 2-2: Foul Ball, location: 2F 2-2: Ball 3-2: Base on Balls
|
|
Batting: RHB Mike Meeker
|
0-0: Called Strike 0-1: Ball 1-1: Called Strike 1-2: Strikes out swinging
|
|
Batting: RHB Mike Bell
|
0-0: Called Strike 0-1: Ball 1-1: Swinging Strike 1-2: Foul Ball, location: 2F 1-2: Foul Ball, location: 2F 1-2: Foul Ball, location: 2F 1-2: Ball 2-2: Foul Ball, location: 2F 2-2: Ground out 5-3 (Groundball, 56S, EV 68.8 MPH) David Clough to second
|
|
Batting: RHB Victor Arias
|
0-0: Ball 1-0: Ground out 5-3 (Groundball, 56, EV 105.6 MPH)
|
| Bottom of the 2nd over - 0 runs, 0 hits, 0 errors, 1 left on base; San Jose 0 - Reading 2 |
| TOP OF THE 3RD |
|
San Jose Giants batting - Pitching for Reading Fightin Phils : RHP Dale Turner
|
|
Batting: RHB Tony Mendez
|
0-0: Called Strike 0-1: Ball 1-1: Ground out 4-3 (Groundball, 4, EV 90.6 MPH)
|
|
Batting: RHB Adam Noyes
|
0-0: Ball 1-0: Ball 2-0: Ball 3-0: Base on Balls
|
|
Batting: RHB Laroya Foronda
|
0-0: Ball Adam Noyes steals 2nd base (no throw) 1-0: Ball 2-0: Ground out 4-3 (Groundball, 4, EV 96.2 MPH) Adam Noyes to third
|
|
Batting: LHB Ryan Braden
|
0-0: Ball 1-0: Ball 2-0: Foul Ball, location: 2F 2-1: Ball 3-1: DOUBLE (Line Drive, 7LD, EV 100.0 MPH) Adam Noyes scores
|
|
Batting: LHB Mike Roberts
|
0-0: Ground out 6-3 (Groundball, 6S, EV 68.8 MPH)
|
| Top of the 3rd over - 1 run, 1 hit, 0 errors, 1 left on base; San Jose 1 - Reading 2 |
| BOTTOM OF THE 3RD |
|
Reading Fightin Phils batting - Pitching for San Jose Giants : LHP Patrick Meesters
|
|
Batting: RHB Alberto Ramirez
|
0-0: Ball 1-0: SINGLE (Line Drive, 6MD, EV 95.0 MPH)
|
|
Batting: RHB Chris Myers
|
0-0: Ball 1-0: Ball Alberto Ramirez steals 2nd base 2-0: Ball Wild Pitch! Alberto Ramirez to third 3-0: Called Strike 3-1: Foul Ball, location: 2F 3-2: Base on Balls
|
|
Batting: RHB Guan-pei Gao
|
0-0: Ball 1-0: Ball Chris Myers steals 2nd base (no throw) 2-0: Called Strike 2-1: Called Strike 2-2: Fly out, F8 (Line Drive, 8LS, EV 95.6 MPH)
|
|
Batting: RHB Victor Arroyo
|
0-0: Foul Ball, location: 2F 0-1: Foul Ball, location: 2F 0-2: Ball 1-2: Ball 2-2: Ball 3-2: Foul Ball, location: 2F 3-2: Ground out 2-3 (Groundball, 2L, EV 69.4 MPH)
|
|
Batting: RHB Greg Herzig
|
0-0: Ball 1-0: Ball 2-0: Foul Ball, location: 2F 2-1: Fly out, F8 (Line Drive, 8LM, EV 83.8 MPH)
|
| Bottom of the 3rd over - 0 runs, 1 hit, 0 errors, 2 left on base; San Jose 1 - Reading 2 |
| TOP OF THE 4TH |
|
San Jose Giants batting - Pitching for Reading Fightin Phils : RHP Dale Turner
|
|
Batting: RHB Billy Pranger
|
0-0: Ball 1-0: Foul Ball, location: 2F 1-1: Ball 2-1: Fly out, F3 (Popup, 3SF, EV 72.5 MPH)
|
|
Batting: SHB Mitchell Greene
|
0-0: Swinging Strike 0-1: Foul Ball, location: 2F 0-2: Ball 1-2: Strikes out looking
|
|
Batting: RHB Guillermo Mojica
|
0-0: Ball 1-0: Ball 2-0: Called Strike 2-1: Ball 3-1: SINGLE (Groundball, 6M, EV 98.1 MPH) (infield hit)
|
|
Batting: RHB Azedine Kirui
|
0-0: Ball Guillermo Mojica steals 2nd base (no throw) 1-0: Called Strike 1-1: Fly out, F4 (Popup, 4MD, EV 62.5 MPH)
|
| Top of the 4th over - 0 runs, 1 hit, 0 errors, 1 left on base; San Jose 1 - Reading 2 |
| BOTTOM OF THE 4TH |
|
Reading Fightin Phils batting - Pitching for San Jose Giants : LHP Patrick Meesters
|
|
Batting: RHB David Clough
|
0-0: Ball 1-0: Foul Ball, location: 2F 1-1: SINGLE (Groundball, 34D, EV 94.4 MPH)
|
|
Batting: RHB Mike Meeker
|
0-0: Ball 1-0: Ball 2-0: Called Strike 2-1: Fly out, F8 (Line Drive, 8RM, EV 96.2 MPH)
|
|
Batting: RHB Mike Bell
|
0-0: Foul Ball, location: 2F 0-1: Ball 1-1: Swinging Strike 1-2: Strikes out looking
|
|
Batting: RHB Victor Arias
|
0-0: Called Strike 0-1: Ball 1-1: Foul Ball, location: 2F 1-2: Strikes out looking
|
| Bottom of the 4th over - 0 runs, 1 hit, 0 errors, 1 left on base; San Jose 1 - Reading 2 |
| TOP OF THE 5TH |
|
San Jose Giants batting - Pitching for Reading Fightin Phils : RHP Dale Turner
|
|
Batting: RHB Tony Mendez
|
0-0: Foul Ball, location: 2F 0-1: Called Strike 0-2: Fly out, F9 (Flyball, 9, EV 86.2 MPH)
|
|
Batting: RHB Adam Noyes
|
0-0: Called Strike 0-1: Called Strike 0-2: Strikes out looking
|
|
Batting: RHB Laroya Foronda
|
0-0: Fly out, F8 (Flyball, 8RD, EV 93.1 MPH)
|
| Top of the 5th over - 0 runs, 0 hits, 0 errors, 0 left on base; San Jose 1 - Reading 2 |
| BOTTOM OF THE 5TH |
|
Reading Fightin Phils batting - Pitching for San Jose Giants : LHP Patrick Meesters
|
|
Batting: RHB Alberto Ramirez
|
0-0: Called Strike 0-1: Ball 1-1: Called Strike 1-2: Ball 2-2: Fly out, F7 (Line Drive, 7, EV 95.6 MPH)
|
|
Batting: RHB Chris Myers
|
0-0: Ball 1-0: Ball 2-0: Ball 3-0: Called Strike 3-1: Base on Balls
|
|
Batting: RHB Guan-pei Gao
|
0-0: Ball 1-0: Ball 2-0: DOUBLE (Line Drive, 7LS, EV 103.8 MPH) Chris Myers to third Runner from 3rd tries for Home, SAFE, throw by LF to trailing runner, OUT at third! 7-3-5
|
|
Batting: RHB Victor Arroyo
|
0-0: Ball 1-0: Ball 2-0: Called Strike 2-1: Foul Ball, location: 2F 2-2: Ball 3-2: DOUBLE (Line Drive, 5D, EV 96.9 MPH)
|
|
Batting: RHB Greg Herzig
|
0-0: Intentional Walk
|
|
Batting: RHB David Clough
|
0-0: Called Strike 0-1: Foul Ball, location: 2F 0-2: Foul Ball, location: 2F 0-2: Strikes out swinging
|
| Bottom of the 5th over - 1 run, 2 hits, 0 errors, 2 left on base; San Jose 1 - Reading 3 |
| TOP OF THE 6TH |
|
San Jose Giants batting - Pitching for Reading Fightin Phils : RHP Dale Turner
|
|
Batting: LHB Ryan Braden
|
0-0: Ball 1-0: Foul Ball, location: 2F 1-1: Ball 2-1: DOUBLE (Flyball, 78D, EV 107.5 MPH)
|
|
Batting: LHB Mike Roberts
|
0-0: Ball 1-0: Ball 2-0: Ball 3-0: Base on Balls
|
|
Batting: RHB Billy Pranger
|
0-0: Fly out, F8 (Line Drive, 8RD, EV 93.8 MPH) Runner from 2nd tags up, SAFE at 3rd with throw by CF
|
|
Batting: SHB Mitchell Greene
|
0-0: Called Strike 0-1: Ball Mike Roberts is caught stealing 2nd base 2-6 1-1: Ball 2-1: Swinging Strike 2-2: Strikes out looking
|
| Top of the 6th over - 0 runs, 1 hit, 0 errors, 1 left on base; San Jose 1 - Reading 3 |
| BOTTOM OF THE 6TH |
|
Reading Fightin Phils batting - Pitching for San Jose Giants : LHP Patrick Meesters
|
|
Batting: RHB Mike Meeker
|
0-0: Foul Ball, location: 2F 0-1: Hit by Pitch
|
|
Pitching: RHP Kevin Spencer
|
|
|
Batting: RHB Mike Bell
|
0-0: Ball Pickoff Throw to First - Out! 1-3 1-0: Ball 2-0: Ground out 1-3 (Groundball, 34S, EV 68.1 MPH)
|
|
Batting: RHB Victor Arias
|
0-0: Called Strike 0-1: SINGLE (Groundball, 56S, EV 68.8 MPH) (infield hit)
|
|
Batting: RHB Alberto Ramirez
|
0-0: Called Strike 0-1: Swinging Strike 0-2: Foul Ball, location: 2F 0-2: Foul Ball, location: 2F 0-2: Ball 1-2: Fielders Choice at 2nd, 5-4 (Groundball, 5, EV 97.5 MPH)
|
| Bottom of the 6th over - 0 runs, 1 hit, 0 errors, 1 left on base; San Jose 1 - Reading 3 |
| TOP OF THE 7TH |
|
San Jose Giants batting - Pitching for Reading Fightin Phils : RHP Dale Turner
|
|
Batting: RHB Guillermo Mojica
|
0-0: DOUBLE (Groundball, 5L, EV 98.8 MPH)
|
|
Batting: RHB Azedine Kirui
|
0-0: Ball Wild Pitch! Guillermo Mojica to third 1-0: Ball 2-0: Ball 3-0: Called Strike 3-1: DOUBLE (Groundball, 5L, EV 105.0 MPH) Guillermo Mojica scores
|
|
Batting: RHB Tony Mendez
|
0-0: Ball 1-0: Ball 2-0: Ball 3-0: Base on Balls
|
|
Pinch Runner at 2nd Leon Alders:
|
|
|
Pinch Hitting: LHB Ho-win Zhou
|
0-0: Bunt missed! 0-1: Ball 1-1: Sac Bunt to 13S - play at first, batter OUT! 1-4 Leon Alders to third Tony Mendez to second
|
|
Pitching: RHP David Oviedo
|
|
|
Batting: RHB Laroya Foronda
|
0-0: Swinging Strike 0-1: Ball 1-1: Swinging Strike 1-2: Strikes out looking
|
|
Batting: LHB Ryan Braden
|
0-0: Foul Ball, location: 2F 0-1: Called Strike 0-2: Fly out, F8 (Flyball, 8LD, EV 88.1 MPH)
|
| Top of the 7th over - 1 run, 2 hits, 0 errors, 2 left on base; San Jose 2 - Reading 3 |
| BOTTOM OF THE 7TH |
|
Reading Fightin Phils batting - Pitching for San Jose Giants : RHP Kevin Spencer
|
|
Now in LF: Ian Richardson
|
|
|
Now in CF: Ryan Braden
|
|
|
Batting: RHB Chris Myers
|
0-0: Called Strike 0-1: Called Strike 0-2: Ball 1-2: Fly out, F9 (Line Drive, 9S, EV 89.4 MPH)
|
|
Batting: RHB Guan-pei Gao
|
0-0: Ground out 6-3 (Groundball, 6, EV 105.0 MPH)
|
|
Batting: RHB Victor Arroyo
|
0-0: Ball 1-0: Ball 2-0: Foul Ball, location: 2F 2-1: Called Strike 2-2: Ball 3-2: Foul Ball, location: 2F 3-2: SINGLE (Groundball, 6MD, EV 96.9 MPH)
|
|
Batting: RHB Greg Herzig
|
0-0: Ball 1-0: Ball 2-0: Foul Ball, location: 2F 2-1: Foul Ball, location: 2F 2-2: Fielders Choice at 2nd, 5-4 (Groundball, 56, EV 90.0 MPH)
|
| Bottom of the 7th over - 0 runs, 1 hit, 0 errors, 1 left on base; San Jose 2 - Reading 3 |
| TOP OF THE 8TH |
|
San Jose Giants batting - Pitching for Reading Fightin Phils : RHP David Oviedo
|
|
Now at 2B: Jake Cox
|
|
|
Now at SS: Chris Myers
|
|
|
Batting: LHB Mike Roberts
|
0-0: Ball 1-0: Swinging Strike 1-1: Foul Ball, location: 2F 1-2: Strikes out swinging
|
|
Batting: RHB Billy Pranger
|
0-0: Called Strike 0-1: Foul Ball, location: 2F 0-2: Foul Ball, location: 2F 0-2: Ball 1-2: Ball 2-2: Strikes out swinging
|
|
Batting: SHB Mitchell Greene
|
0-0: Called Strike 0-1: Called Strike 0-2: Strikes out swinging
|
| Top of the 8th over - 0 runs, 0 hits, 0 errors, 0 left on base; San Jose 2 - Reading 3 |
| BOTTOM OF THE 8TH |
|
Reading Fightin Phils batting - Pitching for San Jose Giants : RHP Kevin Spencer
|
|
Pitching: RHP Mike Flynn
|
|
|
Batting: RHB David Clough
|
0-0: Ball 1-0: Ball 2-0: Foul Ball, location: 2F 2-1: Fly out, F8 (Line Drive, 8LD, EV 86.2 MPH)
|
|
Batting: RHB Mike Meeker
|
0-0: Ball 1-0: Called Strike 1-1: Foul Ball, location: 2F 1-2: Ball 2-2: Ball 3-2: Base on Balls
|
|
Batting: RHB Mike Bell
|
0-0: Ball 1-0: Called Strike 1-1: Swinging Strike 1-2: Strikes out swinging
|
|
Batting: RHB Victor Arias
|
0-0: Ball 1-0: Called Strike 1-1: Swinging Strike 1-2: Foul Ball, location: 2F 1-2: Ball 2-2: Foul Ball, location: 2F 2-2: Ball 3-2: Base on Balls Mike Meeker to second
|
|
Batting: RHB Alberto Ramirez
|
0-0: Ball 1-0: Swinging Strike 1-1: Foul Ball, location: 2F 1-2: Strikes out swinging
|
| Bottom of the 8th over - 0 runs, 0 hits, 0 errors, 2 left on base; San Jose 2 - Reading 3 |
| TOP OF THE 9TH |
|
San Jose Giants batting - Pitching for Reading Fightin Phils : RHP David Oviedo
|
|
Pitching: RHP Jeremy Mitchem
|
|
|
Batting: RHB Guillermo Mojica
|
0-0: Ball 1-0: Called Strike 1-1: Swinging Strike 1-2: Strikes out swinging
|
|
Batting: RHB Leon Alders
|
0-0: Called Strike 0-1: Foul Ball, location: 2F 0-2: Fly out, F8 (Flyball, 8LS, EV 79.4 MPH)
|
|
Batting: RHB Tony Mendez
|
0-0: Called Strike 0-1: Swinging Strike 0-2: Ball 1-2: Foul Ball, location: 2F 1-2: Fly out, F4 (Popup, 3S, EV 78.8 MPH)
|
| Top of the 9th over - 0 runs, 0 hits, 0 errors, 0 left on base; San Jose 2 - Reading 3 |
|